 Dungeon Crawl Stone Soup version 0.20.1-1-g8b1a95d (webtiles) character file.

163 Ymberti the Skirmisher (level 5, -1/47 HPs)
             Began as a Hill Orc Fighter on Oct 10, 2017.
             Slain by an ogre
             ... wielding a +0 giant club
              (11 damage)
             ... on level 4 of the Dungeon.
             The game lasted 00:10:01 (3395 turns).

Ymberti the Skirmisher (Hill Orc Fighter)           Turns: 3395, Time: 00:10:01

Health: -1/47      AC:  9    Str: 19    XL:     5   Next: 44%
Magic:  5/5        EV:  7    Int:  8    God:
Gold:   63         SH:  9    Dex: 11    Spells: 4/4 levels left

rFire    . . .     SeeInvis .   a - +0 long sword
rCold    . . .     Gourm    .   c - +0 shield
rNeg     . . .     Faith    .   b - +0 scale mail
rPois    .         Spirit   .   (no helmet)
rElec    .         Reflect  .   k - +0 cloak
rCorr    .         Harm     .   d - +0 pair of gloves
MR       .....                  (no boots)
Stlth    ..........             (no amulet)
Regen    0.2/turn               (no ring)
MPRegen  0.1/turn               (no ring)

@: no status effects
A: no striking features
a: no special abilities


You were on level 4 of the Dungeon.
You were not hungry.

You visited 1 branch of the dungeon, and saw 4 of its levels.

You collected 63 gold pieces.

Inventory:

Hand Weapons
 a - a +0 long sword (weapon)
Armour
 b - a +0 scale mail (worn)
 c - a +0 shield (worn)
 d - a +0 pair of gloves (worn)
 k - a +0 cloak (worn)
Scrolls
 g - a scroll of teleportation
 h - 3 scrolls of amnesia
 l - a scroll of remove curse
 p - 3 scrolls of identify
 s - a scroll of blinking {unknown}
Potions
 e - a potion of heal wounds {unknown}
 i - a potion of berserk rage {unknown}
 j - a potion of flight {unknown}
 m - a potion of haste
 n - a potion of magic {unknown}
Books
 o - a book of Misfortune

   Spells                             Type                      Level
   a - Confusing Touch                Hexes                        1
   b - Confuse                        Hexes                        3
   c - Gell's Gravitas                Translocation                3
   d - Petrify                        Transmutation/Earth          4
   e - Metabolic Englaciation         Hexes/Ice                    5
   f - Yara's Violent Unravelling     Hexes/Transmutation          5
Comestibles
 f - 3 meat rations
 q - a bread ration
 r - a royal jelly


   Skills:
 + Level 4.3 Fighting
 + Level 3.9 Long Blades
 + Level 4.2 Armour
 + Level 0.7 Dodging
 + Level 0.1 Stealth
 + Level 4.1 Shields


You had 4 spell levels left.
You didn't know any spells.

Dungeon Overview and Level Annotations

Branches:
Dungeon (4/15)
 Temple: D:4-7

Altars:
Elyvilon
Gozag
Xom


Message History

The adder hisses angrily.
The ogre barely misses you.
You hit the ogre.
The ogre is lightly wounded.
The ogre hits you with a giant club!
You barely miss the ogre.
The ogre is lightly wounded.
The ogre completely misses you.
You barely miss the ogre.
The ogre is lightly wounded.
The ogre hits you with a giant club!! You block the adder's attack.
You slash the ogre!
The ogre is heavily wounded.
The adder bites you but does no damage. The ogre hits you with a giant club!
* * * LOW HITPOINT WARNING * * *
You block the adder's attack.
You hit the ogre.
The ogre is heavily wounded.
The adder bites you but does no damage. The ogre hits you with a giant club!
You die...

#..##..# #..##.(#
#..##..# #..##..#
#.. #..# # #..#
.####
#..########^....
#.........S.###..
##.......@O......
##############..


You could see an ogre and an adder.

Vanquished Creatures
  6 adders
  An ooze (D:3)
  2 worms (D:3)
  3 dart slugs
  2 leopard geckos
  12 orcs (D:3)
  8 giant cockroaches
  3 goblins
  10 hobgoblins
  8 bats
  5 frilled lizards
  9 kobolds
  11 rats
80 creatures vanquished.

Notes
Turn   | Place    | Note
-------+----------+-------------------------------------------
     0 | D:1      | Ymberti the Hill Orc Fighter began the quest for the Orb.
     0 | D:1      | Reached XP level 1. HP: 19/19 MP: 1/1
   199 | D:1      | Reached XP level 2. HP: 6/27 MP: 2/2
   950 | D:1      | Reached XP level 3. HP: 30/33 MP: 3/3
  1306 | D:2      | Found a burning altar of Makhleb.
  1308 | D:2      | Found a shimmering altar of Xom.
  1308 | D:2      | Found a white marble altar of Elyvilon.
  1310 | D:2      | Found a hazy altar of Hepliaklqana.
  1310 | D:2      | Found an opulent altar of Gozag.
  1310 | D:2      | Found an opulent altar of Gozag.
  1947 | D:2      | Reached XP level 4. HP: 39/40 MP: 4/4
  2025 | D:2      | Found a faded altar of an unknown god.
  2622 | D:3      | Reached XP level 5. HP: 28/46 MP: 5/5
  2658 | D:3      | HP: 2/47 [dart slug (1)]
  3387 | D:4      | Noticed an ogre
  3395 | D:4      | Slain by an ogre

Skill      XL: |  1  2  3  4 |
---------------+-------------+-----
Fighting       | 4 |  4.3
Long Blades    | 3 |  3.9
Shields        | 4 |  4.1
Armour         | 4 |  4.2
Dodging        | |  0.7
Stealth        | |  0.1

Action                   |  1- 3 |  4- 6 || total
-------------------------+-------+-------++-------
Melee: Long sword        |   166 |   180 ||   346
  Use: Scroll            |     5 |     1 ||     6
       Potion            |       |     2 ||     2
  Eat: Bread ration      |     1 |       ||     1
       Meat ration       |       |     1 ||     1
Armor: Scale mail        |    79 |    82 ||   161
Dodge: Dodged            |    70 |    57 ||   127
Block: Shield            |    90 |    99 ||   189
       Rpst.: Long sword |    18 |    16 ||    34
